 Dungeon Crawl Stone Soup version 0.21.1-1-g345015fe64 (webtiles) character file.

51 Mrkan the Cudgeler (level 3, -3/36 HPs)
             Began as a Troll Chaos Knight on July 13, 2018.
             Slain by an orc
             ... wielding a +0 flail
              (11 damage)
             ... on level 4 of the Dungeon.
             The game lasted 00:03:21 (1165 turns).

Mrkan the Cudgeler (Troll Chaos Knight)             Turns: 1165, Time: 00:03:21

Health: -3/36      AC:  7    Str: 20    XL:     3   Next: 58%
Magic:  2/2        EV: 10    Int:  8    God:    Xom [..*...]
Gold:   81         SH:  0    Dex: 10    Spells: 2/2 levels left

rFire    . . .     SeeInvis .   a - +0 mace (chaos)
rCold    . . .     Gourm    +   (no shield)
rNeg     . . .     Faith    .   b - +2 robe
rPois    .         Spirit   .   (helmet restricted)
rElec    .         Reflect  .   (no cloak)
rCorr    .         Harm     .   (gloves unavailable)
MR       .....                  (boots unavailable)
Stlth    +.........             (no amulet)
HPRegen  0.52/turn              (no ring)
MPRegen  0.08/turn              (no ring)

@: no status effects
A: large, unfitting armour, claws 3, fast metabolism 3, gourmand, regeneration
1, shaggy fur 1, tough skin 2
a: Renounce Religion


You were on level 4 of the Dungeon.
You worshipped Xom.
You were a toy of Xom.
You were very full.

You visited 1 branch of the dungeon, and saw 3 of its levels.

You collected 81 gold pieces.

Inventory:

Hand Weapons
 a - a +0 mace of chaos (weapon)
Armour
 b - a +2 robe (worn)
 g - a scarf of resistance
Scrolls
 e - a scroll of teleportation {unknown}
 h - a scroll of random uselessness {unknown}
 i - a scroll of identify {unknown}
 k - a scroll of fear {unknown}
 l - a scroll of remove curse {unknown}
Potions
 d - a potion of curing {unknown}
 f - 2 potions of heal wounds {unknown}
 j - a potion of mutation {unknown}
Comestibles
 c - 6 rations
 m - a chunk of flesh


   Skills:
 - Level 2.4 Fighting
 * Level 4.1 Maces & Flails
 - Level 2.0 Dodging


You had 2 spell levels left.
You didn't know any spells.

Dungeon Overview and Level Annotations

Branches:
Dungeon (2/15)

Altars:


Innate Abilities, Weirdness & Mutations

You are too large for most types of armour.
You have claws for hands.
Your metabolism is lightning-fast.
You like to eat raw meat.
Your natural rate of healing is unusually fast.
You are covered in fur. (AC +1)
You have very tough skin. (AC +2)


Message History

The orc hits you but does no damage.
The orc wizard looks braver for a moment.
The orc closely misses you. x3
You hit the orc but do no damage.
The orc is lightly wounded.
The orc hits you with a club.
The orc wizard miscasts a cantrip.
The orc wizard gestures wildly while chanting.
The orc wizard seems to speed up.
The orc hits you but does no damage. x2
The orc hits you with a flail! The orc hits you but does no damage.
You sock the orc!
You kill the orc!
The orc hits you but does no damage. The orc closely misses you.
The orc barely misses you.
You miss the orc wizard. The orc hits you with a club.
* * * LOW HITPOINT WARNING * * *
The orc wizard hits you but does no damage.
The orc hits you with a flail!
You die...
Xom guffaws!

##########
#........#
#....)oZ.#
#....Zooo#
####.##@##
..Z##o#
....###o.
..... ....
.....
.....
.....
.......
.....#.#
......#.#


You could see 2 orc wizards, 4 orcs, a quokka skeleton and a hound skeleton.

Vanquished Creatures
  An ooze (D:1)
  5 orcs (D:4)
  3 ball pythons (D:2)
  3 giant cockroaches
  6 goblins
  2 hobgoblins (D:1)
  A quokka (D:2)
  3 bats
  A frilled lizard (D:1)
  5 kobolds
  2 rats
32 creatures vanquished.

Vanquished Creatures (collateral kills)
  An ooze (D:1)
  A kobold (D:1)
2 creatures vanquished.

Vanquished Creatures (others)
  An ooze (D:1)
1 creature vanquished.

Grand Total: 35 creatures vanquished

Notes
Turn   | Place    | Note
-------+----------+-------------------------------------------
     0 | D:1      | Mrkan the Troll Chaos Knight began the quest for the Orb.
     0 | D:1      | Reached XP level 1. HP: 22/22 MP: 0/0
   121 | D:1      | Reached skill level 3 in Maces & Flails
   121 | D:1      | Reached XP level 2. HP: 27/29 MP: 1/1
   243 | D:1      | XOM: divination: detect items
   324 | D:1      | XOM: enchant monster (good)
   723 | D:1      | XOM: silly message
   771 | D:1      | XOM: cloud trail
   943 | D:2      | Reached XP level 3. HP: 34/36 MP: 2/2
  1140 | D:2      | You fall through a shaft for 2 floors!
  1149 | D:4      | Reached skill level 4 in Maces & Flails
  1165 | D:4      | Slain by an orc

Skill      XL: |  1  2  3 |
---------------+----------+-----
Dodging        | 2 |  2.0
Maces & Flails | 3 4 |  4.1
Fighting       | |  2.4

Action                   || total
-------------------------++-------
Melee: Mace              ||   107
  Eat: Chunk             ||    16
Armor: Robe              ||    85
Dodge: Dodged            ||   108
